 Dungeon Sprint DCSS version 0.31-a0-4-gefa6de2278 (webtiles) character file.

Game seed: 5604206781040186675

43 Darkkill the Trooper (level 3, -2/45 HPs)
             Began as an Ogre Berserker on May 4, 2023.
             Was a Believer of Trog.
             Slain by a human (4 damage)
             ... in the Dungeon (Sprint III: "The Ten Rune Challenge").
             The game lasted 00:00:45 (463 turns).

Darkkill the Trooper (Ogre Berserker)                Turns: 463, Time: 00:00:45

Health: -2/45      AC:  3    Str: 23    XL:     3   Next: 58%
Magic:  3/3        EV: 10    Int:  8    God:    Trog [**....]
Gold:   37         SH:  0    Dex:  8    Spells: 2/2 levels left

rFire   . . .        a - +0 falchion
rCold   . . .        (no shield)
rNeg    . . .        b - +0 animal skin
rPois   .            (helmet restricted)
rElec   .            (no cloak)
rCorr   .            (gloves unavailable)
SInv    .            (boots unavailable)
Will    .....        (no amulet)
Stlth   +            (no ring)
HPRegen 0.27/turn    (no ring)
MPRegen 0.08/turn

%: no teleportation
@: on berserk cooldown
A: large, unfitting armour, tough skin 1
a: Renounce Religion, Berserk, Trog's Hand


You were in the Dungeon.
You worshipped Trog.
Trog was pleased with you.
You visited 1 branch You collected 37 gold pieces.

Inventory:

Hand Weapons
 a - a +0 falchion (weapon)
Armour
 b - a +0 animal skin (worn)
Scrolls
 h - a scroll of blinking
 i - 3 scrolls of identify {@r1}
Potions
 e - a potion of haste
 f - 2 potions of magic
 g - a potion of berserk rage
 j - 2 potions of flight


   Skills:
 + Level 6.5 Fighting
 + Level 4.4 Long Blades
 + Level 4.4 Dodging


You had 2 spell levels left.
You didn't know any spells.
Your spell library was empty.

Dungeon Overview and Level Annotations

Branches:
Dungeon (1/1)

Altars:


Innate Abilities, Weirdness & Mutations

You are too large for most types of armour.
You have tough skin. (AC +1)


Message History

As you read the scroll labelled AKORIU XORPH, it crumbles to dust.
It was a scroll of poison.
You start resting.
HP restored.
You start waiting.
Done waiting.
A human comes into view.
The human shouts!
A red film seems to cover your vision as you go berserk!
You feel yourself moving faster!
You feel mighty!
You feel a strong urge to attack something.
You enter the shallow water.
You feel your anger nearly subside. The human closely misses you.
You barely miss the human. Your punch misses the human. You slash the human!
The human is moderately wounded.
You are no longer berserk.
You are exhausted.
You feel yourself slow down. The human barely misses you.
You hit the human but do no damage. You punch the human.
The human is moderately wounded.
The human hits you. The human barely misses you.
You miss the human.
The human is moderately wounded.
The human barely misses you. The human completely misses you.
You closely miss the human.
The human is moderately wounded.
The human hits you.
You closely miss the human. You punch the human, but do no damage.
The human is moderately wounded.
The human hits you. The human barely misses you.
You slash the human!
The human is heavily wounded.
The human hits you! The human hits you.
You hit the human but do no damage.
The human is heavily wounded.
The human hits you!
You miss the human.
The human is heavily wounded.
The human closely misses you. The human hits you.
You feel much better. The human hits you.
You barely miss the human.
The human is heavily wounded.
The human hits you. x2
You hit the human but do no damage.
The human is heavily wounded.
The human closely misses you.
You hit the human.
The human is heavily wounded.
The human barely misses you. The human hits you.
You barely miss the human.
The human is heavily wounded.
The human barely misses you. The human hits you but does no damage.
You closely miss the human.
The human is heavily wounded.
The human hits you.
You hit the human.
The human is severely wounded.
The human hits you. The human hits you but does no damage.
You closely miss the human.
The human is severely wounded.
The human hits you. x2
* * * LOW HITPOINT WARNING * * *
You barely miss the human.
The human is severely wounded.
The human hits you but does no damage.
You barely miss the human.
The human is severely wounded.
The human hits you but does no damage. The human hits you.
* * * LOW HITPOINT WARNING * * *
You feel better. The human barely misses you.
You hit the human but do no damage.
The human is severely wounded.
The human hits you but does no damage. x2
You hit the human.
The human is severely wounded.
The human hits you.
* * * LOW HITPOINT WARNING * * *
You barely miss the human.
The human is severely wounded.
The human hits you but does no damage. The human closely misses you.
You hit the human.
The human is almost dead.
The human hits you!
* * * LOW HITPOINT WARNING * * *
The human hits you but does no damage.
You hit the human.
The human is almost dead.
You feel yourself speed up. The human closely misses you.
You closely miss the human.
The human is almost dead.
The human hits you.
* * * LOW HITPOINT WARNING * * *
You barely miss the human.
The human is almost dead.
The human hits you.
You die...

▓▓▓▓▓▓▓▓▓▓▓
▓<.#!.'...♣♣♣♣
▓..#!.#......♣
▓#'####.....♣♣
▓.....#...p~.♣♣
▓.....#...@~♣..♣
▓.....#÷.~~~~♣♣♣
▓####)#..~≈≈~~~♣
▓)....#.~~≈~~~....
▓.....#.~≈~~~.....
▓.....#.~~~.......
▓'#####...........
▓.................
▓▓▓▓▓▓▓▓▓▓▓▓▓▓▓


You could see a human.

Vanquished Creatures
  Jessica (D)
  A wolf (D)
  An endoplasm (D)
  2 rats (D)
5 creatures vanquished.

Notes
Turn   | Place    | Note
-------+----------+-------------------------------------------
     0 | D        | Darkkill the Ogre Berserker began the quest for the Orb.
     0 | D        | Reached XP level 1. HP: 24/24 MP: 1/1
    17 | D        | Noticed Jessica
    22 | D        | Reached ** piety under Trog
    29 | D        | Killed Jessica
    30 | D        | Reached skill level 6 in Fighting
    30 | D        | Reached XP level 2. HP: 20/36 MP: 2/2
    30 | D        | Reached XP level 3. HP: 24/44 MP: 3/3
   460 | D        | HP: 7/45 [human (7)]
   462 | D        | HP: 1/45 [human (6)]
   463 | D        | Slain by a human

Illustrated notes

Levels and vault maps discovered:
D:        dungeon_sprint_mu [sprint_mu_entry_forest, sprint_mu_temple_rooms,
          sprint_mu_d1_horrors, sprint_mu_d2_genie, sprint_mu_d3_branching,
          sprint_mu_orc_legion, sprint_mu_elf_gauntlet, sprint_mu_hive_nellie,
          sprint_mu_lair_fedhas, sprint_mu_vaults_butterflies,
          sprint_mu_slime_circle, sprint_mu_swamp_cave, sprint_mu_shoals_archi,
          sprint_mu_blade_basic, sprint_mu_crypt_chambers,
          sprint_mu_tomb_spiral, sprint_mu_vestibule_basic,
          sprint_mu_gehenna_hellfire, sprint_mu_dis_giant,
          sprint_mu_tartarus_statrot, sprint_mu_cocytus_islands, sprint_mu_zot1]

Skill      XL: |  1 |
---------------+----+-----
Long Blades    | 4 |  4.4
Dodging        | 4 |  4.4
Fighting       | 6 |  6.5

Action                     || total
---------------------------++-------
  Melee: Falchion          ||    45
         Punch             ||     2
 Invoke: Berserk           ||     2
    Use: Potion            ||     3
         Scroll            ||     2
 Armour: Animal skin       ||     9
  Dodge: Dodged            ||    23

Table legend: (Time is in decaauts)
 A = Elapsed time spent in this place.
 B = Non-inter-level travel time spent in this place.
 C = Inter-level travel time spent in this place.
 D = Time resting spent in this place.
 E = Time spent auto-exploring this place.
 F = Levels seen in this place.
 G = Mean time per level.
                   A        B        C        D        E       F      G
               +--------+--------+--------+--------+--------+-----+--------+
         Total |    489 |    489 |      0 |    349 |      0 |   1 |  489.0 |
       Dungeon |    489 |    489 |      0 |    349 |      0 |   1 |  489.0 |
               +--------+--------+--------+--------+--------+-----+--------+

Top non-repeatable levels by time:
       D: 489 daAuts

Levels and vault maps discovered:
D:        dungeon_sprint_mu [sprint_mu_entry_forest, sprint_mu_temple_rooms,
          sprint_mu_d1_horrors, sprint_mu_d2_genie, sprint_mu_d3_branching,
          sprint_mu_orc_legion, sprint_mu_elf_gauntlet, sprint_mu_hive_nellie,
          sprint_mu_lair_fedhas, sprint_mu_vaults_butterflies,
          sprint_mu_slime_circle, sprint_mu_swamp_cave, sprint_mu_shoals_archi,
          sprint_mu_blade_basic, sprint_mu_crypt_chambers,
          sprint_mu_tomb_spiral, sprint_mu_vestibule_basic,
          sprint_mu_gehenna_hellfire, sprint_mu_dis_giant,
          sprint_mu_tartarus_statrot, sprint_mu_cocytus_islands, sprint_mu_zot1]

Table legend: (Time is in decaauts)
 A = Elapsed time spent in this place.
 B = Non-inter-level travel time spent in this place.
 C = Inter-level travel time spent in this place.
 D = Time resting spent in this place.
 E = Time spent auto-exploring this place.
 F = Levels seen in this place.
 G = Mean time per level.
                   A        B        C        D        E       F      G
               +--------+--------+--------+--------+--------+-----+--------+
         Total |    489 |    489 |      0 |    349 |      0 |   1 |  489.0 |
       Dungeon |    489 |    489 |      0 |    349 |      0 |   1 |  489.0 |
               +--------+--------+--------+--------+--------+-----+--------+

Top non-repeatable levels by time:
       D: 489 daAuts

Table legend:
 A = Kills in this place as a percentage of kills in the entire game.
 B = Kills by you in this place as a percentage of kills by you in the entire game.
 C = Kills by friends in this place as a percentage of kills by friends in the entire game.
 D = Other kills in this place as a percentage of other kills in the entire game.
 E = Experience gained in this place as a percentage of experience gained in the entire game.
 F = Experience gained in this place divided by the number of levels of this place that you have seen.
                   A       B       C       D       E      F
               +-------+-------+-------+-------+-------+----------------------
         Total | 100.0 | 100.0 |   N/A |   N/A | 100.0 |  62.0
       Dungeon | 100.0 | 100.0 |   N/A |   N/A | 100.0 |  62.0
               +-------+-------+-------+-------+-------+----------------------
